Map: King's Cove LE

Players

kemachi - Winner!

  • Race: Terran Terran
  • League: Diamond
  • Spawn Location: 11:00

ljootQln

  • Race: Terran Terran
  • League: Diamond
  • Spawn Location: 5:00

VOD

Have the link to the VOD?

Description

Time

  • Played on: March 8, 2019, 6:07 p.m.
  • Length: 31:27
Show
View Real Time Build Order
Export as new Build Order

kemachi Terran - Winner!

Build Orders: Reaper Expand 

Get SALT Encoding   

  12  0:00  SCV  
  13  0:12  SCV  
  14  0:18  Supply Depot  
  14  0:24  SCV  
  15  0:39  SCV  
  15  0:41  Barracks  
  16  0:44  Refinery  
  16  0:51  SCV  
  17  1:03  SCV  
  18  1:15  SCV  
  19  1:32  Reaper  
  20  1:35  Command Center  
  20  1:36  SCV  
  21  1:42  Refinery  
  21  1:51  Orbital Command  
  21  2:07  Barracks Tech Lab  
  21  2:14  Factory  
  21  2:17  SCV  
  22  2:26  Supply Depot  
  23  2:30  SCV  
  23  2:47  SCV  
  23  2:49  Marauder, Stimpack  
  26  2:55  Barracks  
  26  2:59  Starport  
  26  3:03  Factory Reactor  
  26  3:12  Marine  
  26  3:13  SCV  
  26  3:16  Orbital Command  
  28  3:27  Bunker  
  28  3:30  Marine  
  29  3:41  Supply Depot  
  29  3:42  Barracks Reactor  
  29  3:52  Marine  
  29  3:55  Medivac  
  32  4:00  SCV x2  
  32  4:01  Factory Tech Lab  
  34  4:03  Medivac  
  36  4:12  SCV x2  
  38  4:18  Marine x2  
  38  4:20  Marine  
  41  4:26  SCV x2  
  43  4:38  Engineering Bay, SCV x2  
  45  4:39  Engineering Bay, Marine  
  45  4:40  Marine  
  47  4:46  Marine  
  47  4:49  Combat Shield  
  48  4:53  Medivac x2  
  48  4:54  SCV  
  48  4:56  SCV  
  54  5:03  Supply Depot  
  54  5:21  Refinery x2  
  54  5:24  Marine x3  
  54  5:25  Siege Tank, SCV x2  
  62  5:31  Terran Infantry Weapons Level 1  
  62  5:43  Barracks  
  62  5:44  Barracks  
  62  5:48  Supply Depot x2  
  62  5:57  Marine  
  62  5:59  Marine, SCV  
  62  6:01  SCV  
  59  6:10  Marine  
  60  6:12  Medivac x2  
  60  6:13  SCV  
  60  6:15  Marauder, SCV  
  60  6:17  Marine  
  69  6:21  Command Center, Terran Infantry Armor Level 1  
  69  6:24  Supply Depot  
  70  6:25  SCV  
  70  6:26  Concussive Shells  
  70  6:27  SCV  
  70  6:28  Marine  
  72  6:33  Barracks Reactor  
  72  6:37  Marine, Barracks Reactor, SCV  
  72  6:38  Marine  
  72  6:39  SCV  
  76  6:46  Marine  
  77  6:56  Marauder, Marine  
  77  6:58  Siege Tank  
  83  7:04  Marine  
  84  7:09  SCV x2  
  86  7:15  Armory  
  86  7:17  Barracks x2  
  86  7:30  Supply Depot  
  86  7:31  Supply Depot  
  86  7:33  Marine x5, SCV  
  92  7:37  Marine  
  92  7:38  Marine  
  94  7:46  Supply Depot  
  94  7:50  Marine x5  
  94  7:51  Medivac x2  
  103  8:02  Orbital Command  
  103  8:06  SCV x2  
  103  8:08  Terran Infantry Weapons Level 2  
  95  8:21  Medivac  
  95  8:24  Marine x8  
  82  8:35  Marine  
  82  8:37  Medivac  
  77  8:42  Marine x2  
  79  8:50  Siege Tank  
  79  8:53  Marine  
  79  8:54  Marine x3  
  84  9:13  Barracks Reactor x2  
  82  9:18  Terran Infantry Armor Level 2  
  82  9:19  SCV x2  
  82  9:20  Barracks, SCV  
  82  9:21  Marine  
  82  9:22  Marine x6, Siege Tank, Barracks  
  95  9:31  SCV  
  95  9:32  SCV x2  
  98  9:39  Marine  
  98  9:43  SCV  
  98  9:44  SCV x2  
  98  9:45  Marine x6  
  105  9:50  Command Center  
  108  9:54  Siege Tank  
  108  9:56  SCV  
  108  9:57  Marine  
  108  9:58  Marine x4  
  108  9:59  Refinery  
  117  10:00  Refinery  
  117  10:02  Marine  
  117  10:03  Marine x2  
  95  10:25  Barracks Reactor  
  87  10:31  Barracks Reactor  
  87  10:38  Armory  
  87  10:39  Terran Ship Weapons Level 1  
  87  10:44  Starport  
  87  10:45  Starport x2, SCV x3  
  87  10:46  Starport  
  90  10:57  Marine x8, SCV x2  
  90  10:58  Marine x3  
  103  11:06  Marine x2  
  103  11:08  Command Center  
  103  11:09  Terran Infantry Weapons Level 3  
  105  11:15  Marine x2  
  107  11:44  Terran Vehicle And Ship Armor Level 1  
  107  11:52  Viking x6  
  119  11:55  Marine x10  
  119  11:59  Supply Depot  
  119  12:00  Terran Infantry Armor Level 3, Supply Depot  
  129  12:01  Supply Depot  
  129  12:18  Medivac  
  129  12:19  Viking x2, Refinery  
  129  12:20  Refinery x2  
  129  12:21  Viking  
  129  12:22  Viking  
  139  12:23  Refinery  
  139  12:24  Viking  
  141  12:35  Orbital Command  
  141  12:38  Marine x6  
  141  12:40  Terran Ship Weapons Level 2  
  147  12:49  Orbital Command  
  147  12:56  Viking x4  
  155  13:17  Viking x2  
  155  13:18  Viking x3, Marine  
  155  13:19  Marine x3  
  169  13:26  Viking  
  171  13:29  Supply Depot  
  171  13:30  Supply Depot x2  
  171  13:37  Viking x3  
  171  13:41  Terran Vehicle And Ship Armor Level 2  
  177  13:47  Viking  
  179  13:55  Liberator  
  134  14:10  Marine  
  134  14:11  Marine x9  
  134  14:12  Viking  
  134  14:13  Viking x3  
  134  14:14  Viking  
  105  14:40  Viking x3  
  105  14:42  Viking  
  105  14:43  Viking  
  115  14:49  Marine x7  
  122  14:57  Liberator  
  122  15:00  Viking  
  124  15:12  Viking x5  
  124  15:14  Command Center  
  134  15:20  Terran Ship Weapons Level 3  
  137  15:30  Viking  
  137  15:31  Viking x2  
  142  15:42  Viking x5  
  151  15:55  Marine x2  
  151  15:56  Marine x9  
  151  15:57  Viking, Marine  
  162  16:06  Viking x3  
  168  16:13  Marine x3  
  171  16:25  Marine x3  
  171  16:26  Marine x4  
  171  16:29  Viking x2  
  171  16:30  Viking x2  
  186  17:00  Orbital Command  
  186  17:03  Viking x5  
  186  17:04  Viking x3  
  196  17:15  Terran Vehicle And Ship Armor Level 3  
  193  17:25  Viking  
  166  17:33  Viking x2  
  156  17:40  Viking x4  
  132  18:02  Viking x3, Marine  
  132  18:03  Viking  
  130  18:15  Viking  
  130  18:16  Viking  
  134  18:25  Refinery  
  134  18:38  Refinery  
  126  18:47  Viking x9  
  130  18:59  Marine x12  
  138  19:08  Liberator  
  138  19:17  Viking, Marine x2  
  142  19:26  Viking x7  
  142  19:27  Marine x2  
  142  19:28  Marine  
  160  19:47  Viking  
  158  19:56  Viking  
  158  19:58  Viking x6  
  166  20:08  Viking  
  159  20:17  Viking  
  173  20:28  Viking x6  
  128  20:41  Viking x2  
  128  20:42  Marine x3  
  129  20:43  Marine  
  129  20:44  Marine  
  129  20:46  Viking  
  133  20:58  Viking x3  
  139  21:07  Orbital Command  
  139  21:17  Marine x12  
  151  21:35  Viking, Marine x7  
  151  21:36  Viking x2  
  141  21:57  Viking x5  
  151  22:09  Viking x3  
  157  22:18  Marine x6  
  163  22:36  Viking x4  
  171  22:37  Viking, Marine  
  171  22:38  Marine  
  163  22:59  Medivac, Viking x2  
  106  23:29  Viking  
  106  23:30  Viking x6  
  112  23:51  Medivac, Viking  
  116  23:59  Viking  
  117  24:12  Viking  
  117  24:13  Viking x3  
  119  25:08  Orbital Command  
  116  25:21  Viking x5  
  116  25:22  Viking x4, Marine x6  
  116  25:23  Marine x4  
  116  25:24  Refinery  
  116  25:28  Refinery  
  144  25:37  Orbital Command  
  144  25:48  Refinery  
  144  25:51  Viking x3  
  126  26:09  Thor  
  126  26:10  Viking x6  
  134  26:30  Viking x3  
  138  26:45  Viking x4  
  137  27:04  Refinery  
  118  27:19  Viking x9  
  120  27:34  Terran Vehicle Weapons Level 1  
  120  27:38  Factory x2  
  120  27:51  Refinery  
  120  28:04  Thor  
  126  28:22  SCV  
  126  28:25  Factory Tech Lab  
  127  28:27  Factory Tech Lab  
  127  28:34  SCV  
  128  28:53  Thor x3  
  146  29:01  Factory x2  
  146  29:08  Marine x10  
  146  29:09  Marine x2  
  153  29:26  Marine x9  
  162  29:36  Marine x3, Thor x2  
  177  29:44  Marine x9  
  186  29:46  Supply Depot  
  186  29:50  Command Center  
  186  29:54  Marine x2  
  188  30:00  Marine  
  188  30:07  Thor  
  188  30:09  Supply Depot  
  188  30:13  Marine x2  
  196  30:31  Marine x4  
  196  30:33  Supply Depot  
  196  30:35  Marine x2  
  200  30:37  Marine  
  200  30:41  Marine x3  
  199  30:49  Marine x2  
  200  30:53  Marine  
  200  30:55  Marine x6  
  191  30:59  Marine x3  
  158  31:06  Marine  
  158  31:09  Marine  
Show
View Real Time Build Order
Export as new Build Order

ljootQln Terran 

Build Orders:  

Get SALT Encoding   

  12  0:01  SCV  
  13  0:13  SCV  
  14  0:18  Supply Depot  
  14  0:25  SCV  
  15  0:40  SCV  
  15  0:41  Barracks  
  16  0:48  Refinery  
  16  0:52  SCV  
  17  1:04  SCV  
  18  1:16  SCV  
  19  1:28  SCV  
  19  1:32  Command Center  
  20  1:35  Marine  
  21  1:40  SCV  
  22  1:52  Factory  
  22  2:00  Orbital Command  
  22  2:08  Supply Depot  
  22  2:11  Marine  
  24  2:30  SCV  
  24  2:45  Factory Tech Lab  
  24  2:46  Command Center  
  24  2:49  SCV  
  25  2:55  Orbital Command  
  25  3:04  Siege Tank  
  25  3:05  SCV  
  29  3:14  Refinery, Orbital Command  
  29  3:15  Marine  
  29  3:17  SCV  
  31  3:29  SCV  
  31  3:33  Starport  
  31  3:34  Marine  
  33  3:41  SCV  
  33  3:42  SCV  
  35  3:53  SCV  
  35  3:54  Refinery, SCV  
  37  4:01  Refinery, Orbital Command  
  37  4:05  SCV  
  37  4:07  Siege Tank  
  41  4:10  SCV  
  41  4:15  Viking  
  44  4:18  SCV  
  44  4:22  SCV  
  46  4:29  SCV  
  46  4:30  SCV  
  48  4:34  SCV  
  48  4:38  Engineering Bay  
  49  4:39  Bunker  
  49  4:41  SCV  
  49  4:42  SCV  
  49  4:45  Siege Tank  
  54  4:46  SCV  
  54  4:48  Supply Depot  
  54  4:49  Starport Reactor  
  55  4:57  SCV x2  
  55  4:58  SCV  
  58  5:08  Command Center  
  58  5:09  SCV x2  
  60  5:17  Missile Turret  
  60  5:20  Siege Tank  
  63  5:26  Viking x2  
  63  5:28  SCV x2  
  69  5:33  Starport  
  69  5:40  Starport  
  69  5:44  Fusion Core  
  69  5:46  Armory  
  69  6:18  Orbital Command  
  69  6:19  Starport Tech Lab x2, Siege Tank, SCV  
  73  6:31  Command Center  
  73  6:36  Command Center  
  73  6:37  Missile Turret  
  73  6:43  Battlecruiser  
  73  6:46  Planetary Fortress  
  79  6:54  SCV x2  
  79  6:55  SCV  
  82  7:10  Missile Turret  
  82  7:13  Missile Turret x2  
  82  7:16  Viking  
  82  7:17  Missile Turret  
  82  7:20  Missile Turret  
  84  7:28  Refinery x2  
  84  7:33  Terran Ship Weapons Level 1  
  84  7:36  Supply Depot  
  84  7:38  Supply Depot  
  84  7:42  Viking, Battlecruiser  
  92  7:52  Orbital Command  
  92  8:01  SCV x4  
  92  8:03  Battlecruiser  
  102  8:07  Starport  
  102  8:09  Supply Depot  
  102  8:13  SCV  
  85  8:54  Battlecruiser, Starport Tech Lab  
  87  8:56  Viking x2  
  87  8:59  Siege Tank  
  94  9:13  Missile Turret  
  94  9:29  Planetary Fortress  
  94  9:32  Terran Ship Weapons Level 2  
  94  9:35  Battlecruiser  
  100  9:51  Refinery  
  100  9:54  Missile Turret x2, Battlecruiser  
  100  9:55  Refinery  
  106  10:06  Command Center  
  103  10:08  Command Center  
  103  10:35  SCV x2  
  103  10:36  SCV x4  
  109  10:46  Battlecruiser  
  109  10:47  Battlecruiser, Viking x2, SCV  
  109  10:48  SCV  
  127  10:57  Weapon Refit  
  127  10:58  Armory  
  127  11:09  Battlecruiser  
  133  11:14  Hi-Sec Auto Tracking  
  133  11:15  SCV x4  
  137  11:29  Command Center  
  137  11:31  Command Center  
  137  11:51  Battlecruiser  
  137  11:53  Command Center  
  143  11:59  Command Center  
  149  12:01  Battlecruiser  
  149  12:03  Command Center  
  149  12:04  Terran Ship Weapons Level 3  
  149  12:11  Terran Vehicle And Ship Armor Level 1  
  149  12:14  Battlecruiser  
  155  12:18  Planetary Fortress  
  155  12:29  Refinery  
  155  12:32  Refinery  
  155  12:33  Missile Turret  
  155  12:47  Missile Turret, Refinery  
  155  12:49  Missile Turret  
  155  12:50  Refinery  
  155  12:56  Command Center  
  155  12:57  Battlecruiser  
  161  12:59  Command Center  
  161  13:10  Battlecruiser  
  167  13:13  Starport  
  167  13:18  Neosteel Armor  
  167  13:19  Battlecruiser  
  173  13:25  Starport  
  173  13:27  Orbital Command x2  
  173  13:28  Starport, Orbital Command  
  173  13:34  Planetary Fortress  
  173  13:41  Planetary Fortress  
  173  13:50  Refinery  
  173  13:55  Refinery  
  146  14:13  Battlecruiser  
  146  14:14  Battlecruiser  
  146  14:15  Starport Tech Lab x3  
  146  14:24  Battlecruiser  
  142  14:43  Battlecruiser x3  
  158  14:50  Viking  
  160  14:53  Viking  
  160  14:57  Orbital Command  
  160  14:59  Orbital Command  
  162  15:02  Planetary Fortress  
  162  15:06  Refinery  
  162  15:22  Missile Turret x2  
  162  15:25  Viking x2  
  166  15:31  Viking x3  
  166  15:32  Refinery x2  
  172  15:39  Terran Vehicle And Ship Armor Level 2  
  172  16:06  Battlecruiser x2  
  172  16:09  Orbital Command  
  172  16:10  Missile Turret  
  183  16:31  Missile Turret  
  183  16:34  Missile Turret  
  183  16:38  Missile Turret  
  183  16:40  Missile Turret  
  183  16:42  Battlecruiser x2  
  195  16:50  Viking x2  
  199  17:15  Missile Turret  
  199  17:16  Missile Turret  
  199  17:18  Missile Turret  
  137  17:52  Battlecruiser x4  
  137  17:53  Battlecruiser x2, Viking  
  153  18:13  Starport  
  153  18:15  Starport  
  153  18:17  Starport  
  153  18:26  Missile Turret  
  130  18:54  Viking  
  132  18:56  Battlecruiser  
  132  19:29  Battlecruiser  
  132  19:30  Command Center, Battlecruiser  
  144  19:32  Viking  
  144  19:33  Viking  
  127  20:20  Orbital Command  
  103  20:29  Battlecruiser x4  
  103  20:30  Viking x4  
  111  20:59  Battlecruiser  
  114  21:25  Battlecruiser, Refinery  
  120  21:26  Missile Turret  
  120  21:29  Missile Turret  
  120  21:30  Refinery  
  107  22:05  Viking x2  
  107  22:06  Viking x2  
  115  22:32  Orbital Command  
  115  22:42  Battlecruiser x2  
  124  23:10  Missile Turret  
  124  23:11  Missile Turret  
  124  23:12  Refinery  
  89  23:34  Battlecruiser x3  
  89  23:35  Viking x2  
  105  23:45  SCV x4  
  105  23:46  SCV  
  110  24:14  SCV x4  
  110  24:15  SCV x4  
  114  24:26  SCV  
  115  24:36  Battlecruiser, Viking x3  
  127  24:47  Orbital Command  
  127  24:50  Missile Turret  
  127  25:04  Missile Turret  
  127  25:06  Missile Turret  
  127  25:19  Battlecruiser x3  
  145  25:21  Terran Vehicle And Ship Armor Level 3  
  145  25:49  Missile Turret  
  145  25:53  Missile Turret x3  
  118  26:28  Battlecruiser  
  122  26:50  Orbital Command  
  95  27:37  Missile Turret  
  95  27:39  Missile Turret x2  
  95  27:45  Battlecruiser  
  95  27:46  Battlecruiser  
  95  27:47  Viking  
  95  27:50  Viking  
  111  27:51  Viking  
  113  28:03  SCV x5  
  113  28:04  SCV x2  
  120  28:07  Orbital Command  
  120  28:12  Refinery  
  120  28:15  SCV  
  121  28:26  Viking  
  123  28:27  Viking  
  123  28:28  Viking, Refinery  
  123  28:29  Refinery  
  123  28:31  Missile Turret  
  127  28:34  SCV  
  125  29:08  Missile Turret x2  
  125  29:09  Missile Turret  
  125  29:13  Battlecruiser, Viking x2  
  125  29:14  Viking  
  137  29:30  Command Center  
  137  29:33  Missile Turret  
  137  29:37  Missile Turret  
  137  29:41  Refinery  
  137  29:43  Viking  
  137  29:44  Viking  
  141  30:01  Battlecruiser  
  147  30:15  SCV x6  
  147  30:19  Refinery  
  153  30:23  Command Center  
  153  30:27  Command Center  
  150  30:41  SCV x2  
  151  30:43  Missile Turret  
  151  30:46  Missile Turret  
  151  30:48  Missile Turret  
  151  30:49  Siege Tank  
Tags
 
Add a new tag
Caveats
  • Supply blocks, unpowered buildings, or Contaminate may cause inaccurate times.
  • Supply counts are checked every 10 seconds.